 Dungeon Crawl Stone Soup version 0.31.0-11-ge490571c62 (webtiles) character file.

Game seed: 18214007078914154951

1059 qw the Nimble (level 8, -1/39 HPs)
             Began as a Spriggan Hunter on Feb 3, 2024.
             Killed by divine providence
             ... invoked by an orc priest
              (15 damage)
             ... on level 6 of the Dungeon.
             The game lasted 00:01:09 (3785 turns).

qw the Nimble (Spriggan Hunter)                     Turns: 3785, Time: 00:01:10

Health: -1/39      AC: 12    Str:  7    XL:     8   Next: 6%
Magic:  9/9        EV: 24    Int: 10    God:
Gold:   110        SH:  0    Dex: 21    Spells: 7/7 levels left

rFire   x . .        a - +0 shortbow
rCold   . . .        (shield currently unavailable)
rNeg    . . .        d - +0 robe {Will+}
rPois   +            (helmet restricted)
rElec   .            k - +1 cloak
rCorr   .            (gloves unavailable)
SInv    +            (boots unavailable)
Will    ++...        (no amulet)
Stlth   +++          e - +4 ring of protection
HPRegen 0.26/turn    f - ring of the Pariah {rPois rF- AC+4 Stlth+}
MPRegen 0.11/turn

%: no passive effects
@: marked, very quick
A: very small, no large weapons, unfitting armour, see invisible, speed 3
a: no special abilities


You were on level 6 of the Dungeon.
You visited 1 branch of the dungeon, and saw 6 of its levels.

You collected 110 gold pieces.


Innate Abilities, Weirdness & Mutations

You are very small and have problems with some larger weapons.
You are too small for most types of armour.
You have supernaturally acute eyesight. (SInv)
You cover ground extremely quickly. (Speed+++)


   Skills:
 + Level 2.2 Fighting
 - Level 8.0 Ranged Weapons
 - Level 8.4 Dodging
 - Level 1.5 Stealth


You had 7 spell levels left.
You didn't know any spells.
Your spell library was empty.

Inventory:

Hand Weapons
 a - a +0 shortbow (weapon)
Armour
 d - a +0 robe of willpower (worn)
 k - a +1 cloak (worn)
Jewellery
 b - a ring of resist corrosion
 e - a +4 ring of protection (left hand)
 f - the ring of the Pariah (right hand) {rPois rF- AC+4 Stlth+}
   (You took it off a hobgoblin on level 3 of the Dungeon)

   [ring of protection]

   AC+4:      It affects your AC (+4).
   rF-:       It makes you vulnerable to fire.
   rPois:     It protects you from poison Stlth+: It makes you more stealthy.
 i - a ring of protection from cold
 m - a ring of protection from fire
 Y - a ring of poison resistance
Wands
 g - a wand of charming (6)
 o - a wand of roots (9)
Potions
 c - a potion of attraction {unknown}
 h - a potion of might {unknown}
 l - a potion of resistance
 p - a potion of ambrosia {unknown}

Dungeon Overview and Level Annotations

Branches:
Dungeon (5/15)
 Temple: D:4-7

Altars:

Shops:
D:5 :

Annotations:
D:4 2 transporters, qw's ghost, amateur DEHu


Message History

An iguana comes into view.
You shoot an arrow. The arrow hits the ogre.
The ogre is heavily wounded.
The ogre misses you.
A yak comes into view.
You shoot an arrow. The arrow hits the ogre!
The ogre is almost dead.
You shoot an arrow. The arrow hits the ogre.
The ogre is almost dead.
The ogre completely misses you.
A yak comes into view.
The orc priest looks satisfied for a moment.
You shoot an arrow. The arrow hits the ogre!
You kill the ogre!
A hound comes into view.
The water moccasin bites you but does no damage.
The hound pauses to sniff the ground.
Your Dodging skill increases to level 8!
You have reached level 8!
You shoot an arrow.
The arrow barely misses the water moccasin.
The arrow hits the hound!
You kill the hound!
The water moccasin completely misses you.
A yak comes into view.
You shoot an arrow. The arrow hits the water moccasin.
The water moccasin is heavily wounded.
The water moccasin misses you.
A yak comes into view.
A white imp comes into view.
The orc priest closely misses you. The water moccasin closely misses you.
You shoot an arrow. The arrow misses the water moccasin.
The arrow hits the orc.
The orc is severely wounded.
The water moccasin completely misses you.
The orc priest completely misses you.
You shoot an arrow. The arrow hits the water moccasin!
The water moccasin is almost dead.
The water moccasin completely misses you.
The orc priest mumbles some strange prayers to Beogh against you.
Beogh smites you!
You die...

.. #...........
.##...........
..........#...
............ ...
...h......# . ...
#l.#......#.. ...
#o##S........
#..#@#..$....##.
#..#S##......)..
..##.Yoo.h...o....
.....YY....o......
...................
.(.#.#............#
.. #..............#
##................#
#.................


You could see 3 yaks, a water moccasin, an iguana, a hound, an orc priest and 2
orcs.

Vanquished Creatures
  Sigmund (D:2)
  Duvessa (D:4)
  2 ogres
  Dowan (D:4)
  A howler monkey (D:4)
  3 hounds
  2 orc priests
  Ijyb (D:4)
  Natasha (twice) (D:4)
  An orc wizard (D:6)
  3 iguanas
  11 gnolls
  2 adders
  3 dart slugs
  13 orcs
  10 ball pythons
  7 endoplasms
  3 giant cockroaches
  5 hobgoblins
  7 jackals (D:1)
  3 kobolds
  3 quokkas
  4 bats
  4 goblins
  9 rats
102 creatures vanquished.

Notes
Turn   | Place    | Note
-------+----------+-------------------------------------------
     0 | D:1      | qw the Spriggan Hunter began the quest for the Orb.
     0 | D:1      | Reached XP level 1. HP: 10/10 MP: 2/2
     0 | D:1      | 0 ||| qw: Version: 0.3-a-155-g5e7d8dd
     0 | D:1      | 0 ||| qw: Game counter: 3552
     0 | D:1      | 0 ||| qw: Melee chars always use a shield: true
     0 | D:1      | 0 ||| qw: God list: Okawaru
     0 | D:1      | 0 ||| qw: Allow faded altars: false
     0 | D:1      | 0 ||| qw: Do Orc after clearing Dungeon:15 true
     0 | D:1      | 0 ||| qw: Do second Lair branch before Depths: true
     0 | D:1      | 0 ||| qw: Lair rune preference: random
     0 | D:1      | 0 ||| qw: Goals: Normal
     0 | D:1      | 0 ||| PLANNING D:1-11
    37 | D:1      | Reached skill level 3 in Dodging
   170 | D:1      | Reached XP level 2. HP: 14/14 MP: 3/3
   424 | D:1      | 424 ||| RETREEEEATING.
   429 | D:1      | 429 ||| RETREEEEATING.
   889 | D:1      | 889 ||| DROPPING scarf of shadows.
   890 | D:1      | 890 ||| UPGRADING to +0 cloak.
   895 | D:1      | 895 ||| UPGRADING to ring of protection from fire.
   896 | D:1      | 896 ||| UPGRADING to ring of poison resistance.
   897 | D:1      | 897 ||| READING 3 scrolls labelled LAOSYVV QIVVYE.
   897 | D:1      | 897 ||| IDENTIFYING pink potion
   898 | D:1      | 898 ||| READING 2 scrolls of identify.
   898 | D:1      | 898 ||| IDENTIFYING green potion
   899 | D:1      | 899 ||| READING scroll of identify.
   899 | D:1      | 899 ||| IDENTIFYING murky silvery potion
   900 | D:1      | 900 ||| READING scroll labelled DORA BYENIRA.
   901 | D:1      | 901 ||| READING scroll labelled TUCAOR KUICW.
  1002 | D:1      | 1002 ||| DROPPING scroll of butterflies.
  1003 | D:1      | 1003 ||| DROPPING potion of degeneration.
  1066 | D:2      | Reached XP level 3. HP: 18/18 MP: 4/4
  1497 | D:2      | Noticed Sigmund
  1511 | D:2      | HP: 3/18 [Sigmund/magic dart (4)]
  1512 | D:2      | 1512 ||| DRINKING potion of heal wounds.
  1516 | D:2      | Killed Sigmund
  1517 | D:2      | Reached skill level 6 in Dodging
  1517 | D:2      | Reached XP level 4. HP: 22/22 MP: 5/5
  1517 | D:2      | Reached XP level 5. HP: 25/25 MP: 6/6
  1763 | D:2      | 1763 ||| UPGRADING to +0 robe of willpower.
  1773 | D:2      | 1773 ||| DROPPING +0 robe.
  1774 | D:2      | 1774 ||| UPGRADING to +4 ring of protection.
  1776 | D:2      | 1776 ||| READING scroll labelled VEELODWYORYP.
  1776 | D:2      | 1776 ||| ENCHANTING +0 cloak.
  1777 | D:2      | 1777 ||| READING scroll labelled KAP ESTREADAYW.
  2013 | D:3      | Reached XP level 6. HP: 30/30 MP: 7/7
  2105 | D:3      | Identified the ring of the Pariah {rPois rF- AC+4 Stlth+}
  2477 | D:3      | 2477 ||| UPGRADING to ring of the Pariah {rPois rF- AC+4
                  | Stlth+}.
  2479 | D:3      | 2479 ||| READING scroll labelled QUT DAPTIGUICESA.
  2755 | D:4      | Noticed Duvessa
  2756 | D:4      | Noticed Dowan
  2780 | D:4      | HP: 3/30 [Dowan/puff of flame (12)]
  2783 | D:4      | 2783 ||| RETREEEEATING.
  2784 | D:4      | 2784 ||| RETREEEEATING.
  2787 | D:4      | Killed Duvessa
  2788 | D:4      | Reached skill level 6 in Ranged Weapons
  2801 | D:4      | Killed Dowan
  2908 | D:4      | Reached XP level 7. HP: 15/35 MP: 8/8
  3034 | D:4      | Found a transporter.
  3035 | D:4      | Found a transporter.
  3035 | D:4      | Noticed qw's ghost (amateur DEHu)
  3095 | D:4      | Noticed Ijyb
  3110 | D:4      | Killed Ijyb
  3476 | D:4      | Noticed Natasha
  3487 | D:4      | Killed Natasha
  3532 | D:4      | 3532 ||| READING scroll of identify.
  3532 | D:4      | 3532 ||| IDENTIFYING ruby potion
  3533 | D:4      | 3533 ||| READING scroll labelled LUP XITIALIHYOMO.
  3534 | D:4      | 3534 ||| READING scroll labelled KUODGH GOODGHI.
  3535 | D:4      | 3535 ||| DROPPING potion of magic.
  3551 | D:4      | Noticed Natasha
  3564 | D:4      | Killed Natasha
  3595 | D:5      | Entered Level 5 of the Dungeon
  3596 | D:5      | 3596 ||| STAIRDANCE
  3605 | D:5      | 3605 ||| STAIRDANCE
  3625 | D:5      | 3625 ||| STAIRDANCE
  3649 | D:5      | 3649 ||| STAIRDANCE
  3737 | D:5      | Found Qitei's Book Emporium.
  3760 | D:5      | You fall into a shaft and drop 1 floor!
  3769 | D:6      | 3769 ||| RETREEEEATING.
  3770 | D:6      | 3770 ||| RETREEEEATING.
  3772 | D:6      | 3772 ||| RETREEEEATING.
  3773 | D:6      | 3773 ||| RETREEEEATING.
  3775 | D:6      | 3775 ||| RETREEEEATING.
  3778 | D:6      | Noticed a yak
  3780 | D:6      | Noticed a yak
  3782 | D:6      | Reached XP level 8. HP: 13/39 MP: 9/9
  3785 | D:6      | Killed from afar by an orc priest

Levels and vault maps discovered:
D:1:      psy_arrival_basics, layout_basic
D:2:      minmay_chambers_of_ones, layout_basic, uniq_sigmund
D:3:      layout_basic
D:4:      layout_basic, gammafunk_ghost_smash, kennysheep_potato, uniq_ijyb,
          uniq_duvessa, uniq_natasha
D:5:      layout_basic, fedhas_altar_4, serial_shops, shop, sword_in_stone
D:6:      cheibrodos_fertilizer, layout_cave_pools, serial_shops, shop,
          minmay_misc_feat_cross, minmay_divided_ellipse

Skill      XL: |  1  2  3  4  5  6  7 |
---------------+----------------------+-----
Dodging        | 3 4 6 8 |  8.4
Ranged Weapons | 5 6 8 |  8.0
Fighting       | 2 |  2.2
Stealth        | |  1.5

Action                     |  1- 3 |  4- 6 |  7- 9 || total
---------------------------+-------+-------+-------++-------
   Fire: Shortbow          |   130 |   148 |   173 ||   451
    Use: Scroll            |     5 |     3 |     3 ||    11
         Potion            |     1 |       |       ||     1
 Armour: Robe              |    16 |    34 |    42 ||    92
  Dodge: Dodged            |    64 |    87 |   152 ||   303

Table legend:
 A = Non-vault XP
 B = Vault XP
 C = Vault XP percentage of total XP
 D = Non-vault monster count
 E = Vault monster count
 F = Vault count percentage of total count
                 A         B        C        D         E       F
            +---------+---------+-------+---------+---------+-------
      Total |     881 |     632 |  41.8 |      90 |      12 |  11.8
            +---------+---------+-------+---------+---------+-------
        D:1 |      39 |       0 |   0.0 |      22 |       0 |   0.0
        D:2 |      55 |     237 |  81.2 |      22 |       6 |  21.4
        D:3 |     172 |       0 |   0.0 |      17 |       0 |   0.0
        D:4 |     285 |     395 |  58.1 |      20 |       6 |  23.1
        D:5 |     130 |       0 |   0.0 |       6 |       0 |   0.0
        D:6 |     200 |       0 |   0.0 |       3 |       0 |   0.0
            +---------+---------+-------+---------+---------+-------
